 Dungeon Crawl Stone Soup version 0.28.0 (webtiles) character file.

Game seed: 13194104763700490112

6147 Armakuni the Fighter (level 11, -2/93 HPs)
             Began as a Human Gladiator on Feb 12, 2022.
             Was an Initiate of Ru.
             Slain by an orc knight (39 damage)
             ... in a bailey.
             The game lasted 00:20:36 (9092 turns).

Armakuni the Fighter (Human Gladiator)              Turns: 9092, Time: 00:20:37

Health: -2/93      AC: 19    Str: 19    XL:     11   Next: 13%
Magic:  11/11      EV: 11    Int: 17    God:    Ru [......]
Gold:   461        SH:  0    Dex: 18    Spells: 10/10 levels left

rFire   . . .      SeeInvis +   a - +7 Throatcutter {drain, coup de grace}
rCold   . . .      Faith    .   (no shield)
rNeg    . . .      Spirit   .   D - +8 scale mail of Sloth {Str+2 Dex+4}
rPois   .          Reflect  .   c - +1 helmet
rElec   .          Harm     .   y - +0 cloak
rCorr   .          Rampage  .   G - +0 pair of gloves
Will    .....                   H - +0 pair of boots
Stlth   ..........              (no amulet)
HPRegen 0.25/turn               I - +6 ring of intelligence
MPRegen 0.12/turn               N - ring of see invisible

@: no status effects
A: no striking features
a: Renounce Religion


You were in a bailey.
You worshipped Ru.
Ru was noncommittal.
You visited 2 branches of the dungeon, and saw 10 of its levels.
You also visited: Bailey.

You collected 461 gold pieces.

Inventory:

Hand Weapons
 a - the +7 Throatcutter (weapon) {drain, coup de grace}
   (You took it off Terence on level 3 of the Dungeon)

   A truly terrible weapon, it drains the life of any living foe it strikes.
   It may instantly kill foes which have little health.
 b - the +10 long sword "Wuazuqakk" {pain, Str+3 Int+6 Dex-2}
   (You found it on level 4 of the Dungeon)

   In the hands of one skilled in necromantic magic, it inflicts extra damage on
   living creatures.
   Str:       It affects your strength (+3).
   Int:       It affects your intelligence (+6).
   Dex:       It affects your dexterity (-2).
 o - a +3 lajatang of speed
 t - a +2 dagger of venom
 v - a +0 quarterstaff
Missiles
 x - 4 curare-tipped darts (quivered)
Armour
 c - a +1 helmet (worn)
 f - a +0 buckler
 y - a +0 cloak (worn)
 D - the +8 scale mail of Sloth (worn) {Str+2 Dex+4}
   (You found it on level 6 of the Dungeon)

   Str:       It affects your strength (+2).
   Dex:       It affects your dexterity (+4).
 G - a +0 pair of gloves (worn)
 H - a +0 pair of boots (worn)
Jewellery
 i - a ring of magical power
 I - a +6 ring of intelligence (left hand)
 N - a ring of see invisible (right hand)
Wands
 j - a wand of iceblast (4)
 E - a wand of acid (16)
 J - a wand of polymorph (9)
Scrolls
 h - 3 scrolls of teleportation
 m - 3 scrolls of summoning
 s - 2 scrolls of immolation
 u - 3 scrolls of identify
 B - 3 scrolls of enchant armour
 F - a scroll of fear {unknown}
Potions
 e - a potion of lignification
 g - 3 potions of curing
 l - a potion of attraction
 n - 2 potions of flight
 p - a potion of cancellation
 q - a potion of brilliance
 r - a potion of might
 w - a potion of resistance {unknown}
 z - 2 potions of degeneration {unknown}
 A - a potion of ambrosia {unknown}
 C - 2 potions of invisibility {unknown}


   Skills:
 - Level 11.2 Fighting
 + Level 10.8 Long Blades
 - Level 4.3 Staves
 - Level 2.0 Throwing
 + Level 1.8 Armour
 + Level 3.7 Dodging


You had 10 spell levels left.
You didn't know any spells.
Your spell library contained the following spells:

 Spells                   Type           Power      Damage    Failure   Level
 Animate Skeleton         Necr           0%         N/A       58%         1
 Sting                    Tmut/Pois      0%         1d3       58%         1
 Corpse Rot               Necr/Air       0%         N/A       73%         2
 Poisonous Vapours        Pois/Air       0%         N/A       73%         2
 Animate Armour           Summ/Erth      0%         N/A       100%        4
 Fulminant Prism          Conj/Hex       0%         3d6       100%        4
 Iskenderun's Mystic Bla  Conj/Tloc      0%         2d3       100%        4
 Olgreb's Toxic Radiance  Pois           0%         N/A       100%        4
 Petrify                  Tmut/Erth      0%         N/A       100%        4
 Summon Ice Beast         Ice/Summ       0%         N/A       100%        4
 Agony                    Necr           0%         N/A       100%        5
 Blade Hands              Tmut           0%         N/A       100%        5
 Lee's Rapid Deconstruct  Erth           0%         3d5*      100%        5
 Iron Shot                Conj/Erth      0%         9d1       100%        6
 Summon Horrible Things   Summ           0%         N/A       100%        8


Dungeon Overview and Level Annotations

Branches:
Dungeon (9/15)             Temple (1/1) D:7          Bailey (1/1)
   Lair: D:8-11         Orc: D:9-12

Altars:
Ashenzari
Cheibriados
Dithmenos
Elyvilon
Gozag
Hepliaklqana
Kikubaaqudgha
Makhleb
Nemelex Xobeh
Qazlal
Ru
Sif Muna
Trog
Uskayaw
Vehumet
Xom

Shops:
D:5 *


Message History

Aiming: Iceblast
Press: ? - help, Shift-Dir - straight line, f/p - orc knight
Aim: an orc knight, wielding a +0 battleaxe and wearing a +0 ring mail (moderately wounded)
The mass of ice explodes!
The iceblast engulfs the orc knight!
The orc knight is heavily wounded.
The iceblast engulfs the orc knight!
The orc knight is severely wounded.
You hear a shout! x2
As you read the scroll of summoning, it crumbles to dust.
Wisps of shadow whirl around you...
An orc comes into view. It is wielding a +0 hand axe.
The orc knight roars a battlecry!
The orc goes into a battle-frenzy!
Your gnoll splashes around in the water.
Your gnoll hits the orc knight with a +0 spear.
Your gnoll misses the orc knight.
The orc knight hits your gnoll with a +0 war axe!!!
Your gnoll dies!
Your gnoll's corpse dissolves into shadows!
The orc knight hits your gnoll with a +0 war axe!
Your gnoll dies!
Your gnoll's corpse dissolves into shadows!
Your gnoll hits the orc knight but does no damage.
You feel much better.
Your gnoll misses the orc knight. The orc knight closely misses you.
The orc knight hits your gnoll with a +0 battleaxe!!
Your gnoll dies!
Your gnoll's corpse dissolves into shadows!
Your gnoll splashes around in the water.
You barely miss the orc knight.
The orc knight is heavily wounded.
The orc knight hits you with a +0 battleaxe!
The kobold demonologist casts a spell.
The iron imp disappears in a puff of smoke!
The orc knight roars a battlecry!
The orc knight goes into a battle-frenzy!
You hit the orc knight.
The orc knight is heavily wounded.
The orc knight hits you with a +0 battleaxe!!!
You die...

#≈≈≈≈≈≈.#..8.8..#....##..
#≈≈≈≈≈†∩).oK5)..)._..##..
#≈≈≈≈≈≈.#..858..#....##..
#≈≈≈≈≈go######### ...##..
#≈≈≈≈≈≈5#..# 5.####
#≈≈≈≈≈≈K#))# .#...
#≈≈≈≈≈o5#))+ #..)
#≈≈≈≈≈#o##############...
#≈≈≈≈≈#.@..#.....'.8.8.8.
#≈≈≈≈≈#....).)...#.......
#≈≈≈≈≈#'#..##############
#≈≈≈≈ #.#..'...).........
#≈≈≈ ######≈≈≈≈≈≈≈≈≈≈≈≈≈
≈≈≈≈≈≈≈≈≈≈≈≈≈≈≈≈≈
≈≈≈≈≈≈≈≈≈≈≈≈≈≈≈≈≈≈
≈≈≈≈≈≈≈≈≈≈≈≈≈≈≈≈≈≈≈
≈≈≈≈≈≈≈≈≈≈≈≈≈≈≈≈≈≈≈


You could see 2 orc knights, a kobold demonologist, a white imp (summoned), an
orc (strong), an ufetubus (summoned) and a friendly gnoll (summoned).

Vanquished Creatures
  A two-headed ogre (D:7)
  An orc knight (Bailey)
  An orc sorcerer (Bailey)
  Maurice (D:8)
  A gargoyle (D:8)
  Psyche (D:8)
  A hornet (D:7)
  Sigmund (D:5)
  2 wyverns
  A steam dragon (D:8)
  Menkaure (D:7)
  An acid dragon (D:8)
  A sky beast (D:7)
  7 orc warriors
  3 ice beasts
  A black bear (D:8)
  An ogre (D:6)
  2 wyvern zombies
  4 scorpions
  A wyvern skeleton (D:6)
  A water moccasin skeleton (D:5)
  5 killer bees (D:8)
  5 electric eels (Bailey)
  3 howler monkeys
  A centaur zombie (D:8)
  4 hounds
  2 centaur skeletons
  An orc priest (D:4)
  2 bullfrog skeletons (D:6)
  A gnoll shaman (D:7)
  An iguana (D:5)
  Terence (D:3)
  A killer bee zombie (D:7)
  A howler monkey zombie (D:7)
  6 adders
  8 gnolls
  2 white imps
  2 ufetubi
  2 worms
  15 orcs
  5 endoplasms
  3 giant cockroaches
  15 goblins
  11 hobgoblins
  16 kobolds
  A quokka (D:4)
  4 ball pythons
  3 bats
  8 frilled lizards
  5 rats
168 creatures vanquished.

Vanquished Creatures (others)
  9 plants (D:1)
  5 toadstools (D:1)
14 creatures vanquished.

Grand Total: 182 creatures vanquished

Notes
Turn   | Place    | Note
-------+----------+-------------------------------------------
     0 | D:1      | Armakuni the Human Gladiator began the quest for the Orb.
     0 | D:1      | Reached XP level 1. HP: 16/16 MP: 1/1
    71 | D:1      | Reached XP level 2. HP: 18/23 MP: 2/2
   359 | D:1      | Reached XP level 3. HP: 27/28 MP: 3/3
  1279 | D:2      | Reached skill level 3 in Fighting
  1336 | D:2      | Found a faded altar of an unknown god.
  1678 | D:2      | Reached XP level 4. HP: 35/35 MP: 4/4
  2154 | D:3      | Identified a scroll of acquirement
  2155 | D:3      | Acquired a +2 lajatang of speed
  2298 | D:3      | Got the Disquisition on Stolen Souls and Companions
  2326 | D:3      | Noticed Terence
  2331 | D:3      | Killed Terence
  2332 | D:3      | Reached XP level 5. HP: 26/41 MP: 5/5
  3116 | D:4      | Found a shimmering blue altar of Sif Muna.
  3176 | D:4      | Reached skill level 4 in Fighting
  3176 | D:4      | Reached skill level 1 in Long Blades
  3446 | D:4      | Reached XP level 6. HP: 29/48 MP: 6/6
  3462 | D:4      | Identified the +10 long sword "Wuazuqakk" {pain, Str+3
                  | Int+6 Dex-2}
  3852 | D:4      | Found a hide-covered altar of Uskayaw.
  3995 | D:5      | Entered Level 5 of the Dungeon
  4083 | D:5      | Reached skill level 5 in Fighting
  4083 | D:5      | Reached XP level 7. HP: 55/56 MP: 7/7
  4406 | D:5      | Reached skill level 6 in Fighting
  4408 | D:5      | Reached XP level 8. HP: 62/64 MP: 8/8
  4455 | D:5      | Noticed Sigmund
  4463 | D:5      | Killed Sigmund
  4464 | D:5      | Reached skill level 5 in Long Blades
  4859 | D:5      | Got Ycvi's Almanac of Dark Rites and Earth
  4885 | D:5      | Found Wussuf's General Store.
  5129 | D:6      | Reached skill level 7 in Fighting
  6021 | D:6      | Identified the +8 scale mail of Sloth {Str+2 Dex+4}
  6237 | D:6      | Reached XP level 9. HP: 72/72 MP: 9/9
  6398 | D:7      | Found a staircase to the Ecumenical Temple.
  6407 | Temple   | Entered the Ecumenical Temple
  6483 | Temple   | Became a worshipper of Ru the Awakened
  6489 | D:7      | Noticed a two-headed ogre
  6500 | D:7      | Killed a two-headed ogre
  6501 | D:7      | Reached skill level 8 in Fighting
  6769 | D:7      | Identified the +3 leather armour of Oferghon {Slay+6}
  6903 | D:7      | Noticed a hornet
  6912 | D:7      | Killed a hornet
  6913 | D:7      | Reached skill level 9 in Fighting
  7207 | D:7      | Noticed Menkaure
  7216 | D:7      | Killed Menkaure
  7485 | D:7      | Reached XP level 10. HP: 73/83 MP: 10/10
  7757 | D:8      | Noticed Psyche
  7764 | D:8      | Killed Psyche
  7765 | D:8      | Reached skill level 10 in Fighting
  8098 | D:8      | Noticed a gargoyle
  8126 | D:8      | Killed a gargoyle
  8566 | D:8      | Noticed Maurice
  8575 | D:8      | Killed Maurice
  8576 | D:8      | Reached skill level 10 in Long Blades
  8697 | D:9      | Found a flagged portal.
  8723 | Bailey   | Entered a bailey
  8846 | Bailey   | Noticed an orc knight
  8861 | Bailey   | Killed an orc knight
  8862 | Bailey   | Reached skill level 11 in Fighting
  8912 | Bailey   | Reached XP level 11. HP: 81/93 MP: 11/11
  9037 | Bailey   | Noticed an orc sorcerer
  9041 | Bailey   | Killed an orc sorcerer
  9042 | Bailey   | Reached skill level 1 in Armour
  9060 | Bailey   | Found an iron altar of Okawaru.
  9060 | Bailey   | Noticed an orc knight
  9060 | Bailey   | Noticed an orc knight
  9092 | Bailey   | Slain by an orc knight

Illustrated notes

Levels and vault maps discovered:
D:1:      ldierk_walled_garden, layout_rooms, minmay_misc_feat_rugged,
          hangedman_decor_opposing, minmay_fountain_box, lexackson_kobold_supper
D:2:      layout_basic, basic_ecumenical_altar
D:3:      layout_basic, interstate_on_off, uniq_terence
D:4:      layout_loops_ring, nicolae_uskayaw_murder_on_the_dancefloor,
          old_standard_altar
D:5:      minmay_razor_zed, layout_cave_pools, serial_shops,
          nicolae_take_the_stairs, uniq_sigmund
D:6:      layout_loops_ring
D:7:      layout_loops_ring, minmay_temple_entry_wispy, uniq_menkaure
D:8:      layout_basic, minmay_splitting_lines, uniq_maurice, uniq_psyche
D:9:      layout_stronghold, nicolae_overflow_hidden_temple, fedhas_altar_4,
          lair_entry_dummy, enter_bailey_5, minmay_misc_feat_square
Temple:   zaba_magenta_temple
Bailey:   bailey_axe_of_yendor_kennysheep, bailey

Skill      XL: |  1  2  3  4  5  6  7  8  9 10 11 |
---------------+----------------------------------+-----
Fighting       | 3 4 5 6 7 9 11 | 11.2
Staves         | 4 |  4.3
Long Blades    | 1 3 4 6 8 10 | 10.8
Armour         | 1 |  1.8
Throwing       | |  2.0
Dodging        | |  3.7

Action                   |  1- 3 |  4- 6 |  7- 9 | 10-12 || total
-------------------------+-------+-------+-------+-------++-------
Melee: Quarterstaff      |   123 |    10 |       |       ||   133
       Lajatang          |       |    19 |       |       ||    19
       Long sword        |       |    50 |   127 |   105 ||   282
       Punch             |       |       |       |     1 ||     1
Throw: Throwing net      |       |     1 |     5 |     2 ||     8
Invok: Reject Sacrifices |       |       |       |     1 ||     1
Evoke: Wand              |       |       |       |    12 ||    12
  Use: Scroll            |     3 |     6 |     8 |     3 ||    20
       Potion            |       |     1 |       |     4 ||     5
Armor: Leather armour    |    23 |       |       |       ||    23
       Ring mail         |    10 |    22 |    19 |       ||    51
       Skin              |       |     4 |       |       ||     4
       Scale mail        |       |       |    40 |    49 ||    89
Dodge: Dodged            |    69 |    46 |    77 |    56 ||   248
